 Dungeon Crawl Stone Soup version 0.30.1-11-g7821555f0a (webtiles) character file.

Game seed: 16212318241317355624

1207 jagang the Carver (level 8, -3/65 HPs)
             Began as a Barachi Monk on Nov 16, 2023.
             Was a Believer of the Shining One.
             Slain by an ice beast (9 damage)
             ... on level 6 of the Dungeon on Nov 27, 2023.
             The game lasted 00:16:14 (5401 turns).

jagang the Carver (Barachi Monk)                    Turns: 5401, Time: 00:16:14

Health: -3/65      AC:  9    Str: 15    XL:     8   Next: 45%
Magic:  8/8        EV: 10    Int: 17    God:    the Shining One [**....]
Gold:   400        SH:  9    Dex: 16    Spells: 7/7 levels left

rFire   . . .        z - +0 long sword
rCold   . . .        G - +0 kite shield
rNeg    + + +        b - +1 ring mail of Day {*Corrode rElec rN++ Str+2}
rPois   .            (no helmet)
rElec   +            (no cloak)
rCorr   .            w - +0 pair of gloves
SInv    .            d - +0 pair of boots
Will    .....        (no amulet)
Stlth   +            o - +6 ring of intelligence
HPRegen 0.30/turn    y - ring of wizardry
MPRegen 0.11/turn

%: corrode self (3%), wizardry (x1)
@: unable to hop, glowing, slow
A: amphibious, slowness 1, strong legs 1, +LOS
a: Hop, Renounce Religion, Divine Shield


You were on level 6 of the Dungeon.
You worshipped the Shining One.
The Shining One was pleased with you.
You visited 2 branches of the dungeon, and saw 7 of its levels.

You collected 400 gold pieces.

Inventory:

Hand Weapons
 v - a +0 executioner's axe
 z - a +0 long sword (weapon)
Missiles
 h - 5 boomerangs (quivered)
 x - 6 javelins
Armour
 b - the +1 ring mail of Day (worn) {*Corrode rElec rN++ Str+2}
   (You found it on level 2 of the Dungeon)

   Str:       It affects your strength (+2).
   rElec:     It insulates you from electricity.
   rN:        It greatly protects you from negative energy.
   *Corrode:  It may corrode you when you take damage.
 d - a +0 pair of boots (worn)
 j - a +0 ring mail of cold resistance
 w - a +0 pair of gloves (worn)
 G - a +0 kite shield (worn)
Jewellery
 o - a +6 ring of intelligence (left hand)
 y - a ring of wizardry (right hand)
Wands
 F - a wand of roots (5)
 J - a wand of flame (28)
 M - a wand of digging (4)
 N - a wand of mindburst (11)
Scrolls
 g - 3 scrolls of blinking
 k - 3 scrolls of vulnerability
 l - a scroll of immolation
 n - a scroll of enchant weapon
 q - 2 scrolls of teleportation
 t - 2 scrolls of amnesia
 u - 2 scrolls of poison
 A - a scroll of fog
 D - a scroll of magic mapping
 E - a scroll of brand weapon {unknown}
 H - a scroll of butterflies {unknown}
 K - a scroll of enchant armour {unknown}
 L - a scroll of fear {unknown}
 O - a scroll of identify
Potions
 a - 2 potions of curing
 c - a potion of ambrosia
 e - 2 potions of heal wounds {unknown}
 f - 4 potions of lignification {unknown}
 i - a potion of attraction {unknown}
 m - a potion of flight {unknown}
 p - a potion of berserk rage {unknown}
 r - a potion of mutation {unknown}
 s - 3 potions of haste {unknown}
 C - a potion of cancellation {unknown}
 I - a potion of brilliance {unknown}


   Skills:
 + Level 6.4 Fighting
 * Level 8.0 Long Blades
 - Level 2.4 Throwing
 + Level 5.0 Armour
 - Level 4.0 Dodging
 + Level 3.2 Shields


You had 7 spell levels left.
You didn't know any spells.
Your spell library was empty.

Dungeon Overview and Level Annotations

Branches:
Dungeon (6/15)             Temple (1/1) D:4

Altars:
Dithmenos
Elyvilon
Kikubaaqudgha
Okawaru
Trog
Zin
The Shining One

Shops:
D:2 [

Annotations:
D:5 2 transporters, Nonny's ghost, novice MfFi


Innate Abilities, Weirdness & Mutations

You are amphibious.
You cover ground slowly.
You can hop short distances.
You have an extended range of vision and can be seen from far away.


Message History

* * * LOW HITPOINT WARNING * * *
You hit the steam dragon.
The steam dragon is moderately wounded.
The steam dragon bites you!
* * * LOW HITPOINT WARNING * * *
The steam dragon claws you but does no damage.
Hop to where?
Press: ? - help, Dir - move target, p - steam dragon Boing!
You close the door.
An ice beast comes into view.
You start resting.
An ice beast is nearby!
You hit the ice beast but do no damage.
The ice beast hits you but does no damage.
You hit the ice beast.
The ice beast is lightly wounded.
You block the ice beast's attack.
You barely miss the ice beast.
The ice beast is lightly wounded.
The ice beast hits you.
* * * LOW HITPOINT WARNING * * *
The ice beast freezes you!
* * * LOW HITPOINT WARNING * * *
You hit the ice beast but do no damage.
The ice beast is lightly wounded.
The ice beast hits you but does no damage.
You block the ice beast's attack.
You slash the ice beast!
The ice beast is heavily wounded.
You block the ice beast's attack.
You hit the ice beast.
The ice beast is heavily wounded.
The ice beast barely misses you.
You barely miss the ice beast.
The ice beast is heavily wounded.
The ice beast hits you.
* * * LOW HITPOINT WARNING * * *
The ice beast freezes you!
You die...

##.....## ##.# ##.†.##
#.# ##+## #.## #.#
#..# #.# ##.# ##.##
### #.# ##...####.##
#.# #.....##...## #.#
##..@##.....###.#
########Y##.......##.#
.............Y.......#
#############...######
##.## ###


You could see an ice beast.

Vanquished Creatures
  Prince Ribbit (D:6)
  2 ogres (D:5)
  2 black bears
  A centaur (D:5)
  2 scorpions (D:5)
  3 orc priests
  4 hounds
  3 iguanas
  9 adders
  A gnoll (D:1)
  A white imp (D:6)
  An ufetubus (D:6)
  4 worms
  3 dart slugs
  9 orcs
  5 endoplasms
  2 giant cockroaches
  4 goblins
  5 hobgoblins
  3 jackals (D:3)
  7 quokkas
  3 ball pythons
  6 bats
  4 kobolds
  3 rats
88 creatures vanquished.

Notes
Turn   | Place    | Note
-------+----------+-------------------------------------------
     0 | D:1      | jagang the Barachi Monk began the quest for the Orb.
     0 | D:1      | Reached XP level 1. HP: 18/18 MP: 1/1
   246 | D:1      | Reached XP level 2. HP: 17/25 MP: 2/2
   447 | D:1      | Reached skill level 1 in Armour
   566 | D:1      | Reached skill level 4 in Long Blades
   918 | D:2      | Reached XP level 3. HP: 16/30 MP: 3/3
  1053 | D:2      | Identified the +1 ring mail of Day {*Corrode rElec rN++
                  | Str+2}
  1099 | D:2      | Reached skill level 1 in Throwing
  1099 | D:2      | Reached XP level 4. HP: 18/37 MP: 4/4
  1457 | D:2      | Found Haegim's Armour Shop.
  2198 | D:3      | Reached XP level 5. HP: 43/43 MP: 5/5
  2453 | D:3      | Found a faded altar of an unknown god.
  2457 | D:3      | You fall into a shaft and drop 2 floors!
  2457 | D:5      | Entered Level 5 of the Dungeon
  2472 | D:5      | Noticed an ogre
  2487 | D:5      | Killed an ogre
  2488 | D:5      | Reached skill level 5 in Long Blades
  2645 | D:4      | Noticed a black bear
  2651 | D:4      | Killed a black bear
  2652 | D:4      | Reached XP level 6. HP: 38/50 MP: 6/6
  2893 | D:3      | Reached skill level 5 in Fighting
  3099 | D:4      | Found a staircase to the Ecumenical Temple.
  3118 | Temple   | Entered the Ecumenical Temple
  3270 | Temple   | Became a worshipper of the Shining One
  3270 | Temple   | Reached * piety under the Shining One
  3270 | Temple   | Reached ** piety under the Shining One
  3738 | D:5      | Found a transporter.
  3742 | D:5      | Noticed Nonny's ghost (novice MfFi)
  3753 | D:5      | Found a transporter.
  3792 | D:5      | Reached skill level 6 in Long Blades
  3792 | D:5      | Reached XP level 7. HP: 54/56 MP: 7/7
  3831 | D:5      | Reached skill level 1 in Shields
  4157 | D:5      | Found a bloodstained altar of Trog.
  4202 | D:5      | Reached skill level 7 in Long Blades
  4483 | D:5      | Reached XP level 8. HP: 64/64 MP: 8/8
  4856 | D:6      | Noticed Prince Ribbit
  4891 | D:6      | Killed Prince Ribbit
  5061 | D:6      | Reached skill level 5 in Armour
  5165 | D:6      | Found a glowing silver altar of Zin.
  5364 | D:6      | Reached skill level 8 in Long Blades
  5401 | D:6      | Slain by an ice beast

Illustrated notes

Levels and vault maps discovered:
D:1:      dpeg_arrival_round_a, layout_loops_corners
D:2:      layout_loops_cross, serial_shops, nicolae_shop_just_a_little_nook,
          minmay_pentomino_v2
D:3:      layout_loops_corners, hellmonk_ecumenical_altar_arch_garden
D:4:      layout_loops_ring, minmay_temple_entry_water_ring, eino_tiny_chamber
D:5:      layout_loops_ring, mainiacjoe_overflow_small_starburst,
          gammafunk_ghost_arena, minmay_misc_feat_pillars
D:6:      layout_loops_corners, mainiacjoe_overflow_surrounded_room,
          uniq_prince_ribbit1
Temple:   mainiacjoe_temple_big_plus

Skill      XL: |  1  2  3  4  5  6  7  8 |
---------------+-------------------------+-----
Armour         | 1 2 3 4 5 |  5.0
Long Blades    | 4 5 6 7 8 |  8.0
Fighting       | 4 5 6 |  6.4
Throwing       | 1 2 |  2.4
Dodging        | 4 |  4.0
Shields        | 2 3 |  3.2

Action                     |  1- 3 |  4- 6 |  7- 9 || total
---------------------------+-------+-------+-------++-------
  Melee: Falchion          |    57 |   116 |    93 ||   266
         Long sword        |       |       |    42 ||    42
  Throw: Boomerang         |    19 |    32 |    17 ||    68
         Dart              |       |       |    14 ||    14
Ability: Hop               |       |     1 |     1 ||     2
    Use: Scroll            |       |     3 |     7 ||    10
 Armour: Robe              |     4 |       |       ||     4
         Ring mail         |     8 |    41 |    45 ||    94
         Scale mail        |     2 |       |       ||     2
  Dodge: Dodged            |    42 |    79 |    61 ||   182
  Block: Kite shield       |       |     5 |    53 ||    58
